Bruins vs Maple Leafs

Created - 4 mars 2022 at 17:45

Goals
1 2 3 T
Bruins 0 1 1 2
Maple Leafs 1 2 1 4
Shots
1 2 3 T
Bruins 8 15 10 33
Maple Leafs 15 8 12 35

GoalsPenalties
1st period
1. Maple Leafs , Rudolfs Balcers 9 (Michael Grabner 7, Pius Suter 21) at 8:35
Bryan Little (BOS) for Hooking (Minor) at 9:43
2nd period
2. Maple Leafs , Taylor Hall 17 (Dougie Hamilton 52, Noel Acciari 16) at 0:12
3. Bruins , Jack Eichel 29 (Tomas Hertl 42, Joel Edmundson 18) at 4:12 (PP)
4. Maple Leafs , Jaccob Slavin 8 (Noel Acciari 17, Dougie Hamilton 53) at 17:53
Marcus Pettersson (TOR) for Holding (Minor) at 0:19
Brendan Gallagher (TOR) for Hooking (Minor) at 3:07
Rudolfs Balcers (TOR) for Roughing (Minor) at 7:32
Greg Pateryn (TOR) for Roughing (Minor) at 12:35
Greg Pateryn (TOR) for Tripping (Minor) at 14:47
3rd period
5. Maple Leafs , Noel Acciari 11 (Brendan Gallagher 23, Taylor Hall 35) at 8:03
6. Bruins , Mattias Ekholm 12 (Dominik Kubalik 17, Bryan Little 32) at 15:48 (PP)
Mattias Ekholm (BOS) for Slashing (Minor) at 11:25
Brendan Gallagher (TOR) for Holding (Minor) at 15:26
Goalie Stats
Jack Campbell (BOS), 22 saves from 26 shots - (0,846), L, 25-14-3, 48:03 minutes
Alexandar Georgiev (BOS), 9 saves from 9 shots - (1,000), 11:57 minutes
Juuse Saros (TOR), 31 saves from 33 shots - (0,939), W, 23-18-7, 60:00 minutes
3 StarsOfficial
1 - Noel Acciari (TOR)
2 - Taylor Hall (TOR)
3 - Dougie Hamilton (TOR)
Referees : Ghislain Hebert and Brad Watson
Linesman : Scott Driscoll and Matt MacPherson
Game Note
Alexandar Georgiev enters game at 8:03 of 3rd period



Team Name Goals Shots Shots Attemp Shots Blocked PIM HIT PP PK FO%
Bruins 2335974282 / 6 (33%)054%
Maple Leafs 435681012260 / 2 (0%)246%

Bruins
Player Name POS G A P +/- PIM HIT SHT SB MP PP MP PP SHT PK MP PK SHT FO% FOT
Brenden DillonD000-1050019:270:4902:3600% 0
Bryan LittleC/RW011-2232018:244:2110:00078% 9
Carter VerhaegheC/LW/RW000-1021015:583:3510:0000% 0
Cole CaufieldRW0000001011:283:1500:0000% 0
Derek StepanC0000010111:480:0001:16036% 11
Dominik KubalikLW/RW011-1020015:486:0800:0000% 0
Haydn FleuryD000-2010113:050:0000:0000% 0
Jack EichelC101-20112020:504:2750:00064% 33
Jakub VoracekLW/RW000-2001018:254:2100:0000% 2
Joel EdmundsonD011-1012023:093:1522:2200% 0
Kirby DachC/RW000-1002111:340:3801:160100% 1
Mario FerraroD000-1021117:360:0001:3400% 0
Matthew NietoLW/RW0000000113:140:0002:4200% 4
Mattias EkholmD101-1201124:416:0811:0200% 0
Nick SchmaltzC/RW000-101209:400:0000:00057% 14
Olli MaattaD000-2030113:270:0000:2200% 0
Sam ReinhartC/RW000-1014017:224:5900:000100% 1
Tomas HertlC/LW011-1054020:044:5922:42046% 24
Maple Leafs
Player Name POS G A P +/- PIM HIT SHT SB MP PP MP PP SHT PK MP PK SHT FO% FOT
Alexander RadulovLW/RW0000015017:131:5920:00050% 4
Brendan GallagherRW0113412018:161:5910:00025% 4
Dougie HamiltonD0222011323:320:0005:3100% 0
Eric StaalC0000000017:131:5900:00056% 18
Erik KarlssonD0001011018:371:2800:1100% 0
Greg PaterynD0001410014:250:0002:4700% 0
Jaccob SlavinD1012002224:200:0006:1900% 0
Jake EvansC/RW0000000111:130:0004:56050% 10
Jake GardinerD0001010214:102:3000:0000% 0
Marcus PetterssonD0001230220:550:0003:5800% 0
Max DomiC/LW000001108:161:5900:00027% 11
Michael GrabnerLW/RW0111001013:160:0004:2700% 1
Noel AcciariC/LW1233043020:460:0004:27040% 30
Patrik LaineLW/RW0000036016:421:2810:0000% 1
Pius SuterC0111032010:481:5910:00071% 17
Rudolfs BalcersLW1011233010:471:5900:00050% 2
Taylor HallLW1123018018:492:3010:0000% 0
William CarrierLW0000020011:130:0004:5600% 1

Bruins

5 vs 5 Forward
Line #Left WingCenterRight WingPHYDFOFWanted %Time %Time Play
1Carter VerhaegheTomas HertlSam Reinhart0233027%12:23
2Bryan LittleJack EichelJakub Voracek0143030%14:04
3Dominik KubalikNick SchmaltzKirby Dach0232321%9:40
4Matthew NietoDerek StepanCole Caufield0321723%10:32
5 vs 5 Defense
Line #DefenseDefensePHYDFOFWanted %Time %Time Play
1Mattias EkholmJoel Edmundson0414135%16:07
2Brenden DillonMario Ferraro1313034%16:02
3Haydn FleuryOlli Maatta0321928%13:05
4Mattias EkholmJoel Edmundson014103%1:25
Power Play Forward
Line #Left WingCenterRight WingPHYDFOFWanted %Time %Time Play
1Tomas HertlJack EichelSam Reinhart0056054%5:02
2Carter VerhaegheBryan LittleJakub Voracek0054046%4:21
Power Play Defense
Line #DefenseDefensePHYDFOFWanted %Time %Time Play
1Mattias EkholmDominik Kubalik0056065%6:08
2Joel EdmundsonCole Caufield0144035%3:15
Penalty Kill 4 Players Forward
Line #CenterWingPHYDFOFWanted %Time %Time Play
1Tomas HertlMatthew Nieto0506068%2:42
2Derek StepanKirby Dach0504032%1:16
Penalty Kill 4 Players Defense
Line #DefenseDefensePHYDFOFWanted %Time %Time Play
1Brenden DillonMattias Ekholm2306075%2:58
2Joel EdmundsonMario Ferraro0504025%1:00
Penalty Kill 3 Players
Line #WingPHYDFOFWanted %Time %Time PlayDefenseDefensePHYDFOFWanted %Time %Time Play
1Matthew Nieto050500%0:00 Mattias EkholmBrenden Dillon050600%0:00
2Tomas Hertl050500%0:00 Joel EdmundsonMario Ferraro050400%0:00
4 vs 4 Forward
Line #CenterWingPHYDFOFWanted %Time %Time Play
1Jack EichelTomas Hertl014500%0:00
2Bryan LittleSam Reinhart023500%0:00
4 vs 4 Defense
Line #DefensePHYDFOFWanted %Time %Time Play
1Mattias EkholmJoel Edmundson023500%0:00
2Mario FerraroBrenden Dillon131500%0:00
Last Minutes Offensive
Left WingCenterRight WingDefenseDefense
Dominik KubalikTomas HertlSam ReinhartMattias EkholmJack Eichel
Last Minutes Defensive
Left WingCenterRight WingDefenseDefense
Tomas HertlDerek StepanMatthew NietoMattias EkholmJoel Edmundson
Time
Total ForwardTotal DefenseLast Minutes OffensiveLast Minutes Defensive
60:00 60:00 0:000:00
Extra Forwards
Normal PowerPlayPenalty Kill
Tomas Hertl, Jack Eichel, Sam ReinhartTomas Hertl, Jakub VoracekBryan Little
Extra Defensemen
Normal PowerPlayPenalty Kill
Mattias Ekholm, Joel Edmundson, Brenden DillonMario Ferraro, Mattias EkholmJoel Edmundson
Penalty Shots
Jack Eichel, Dominik Kubalik, Sam Reinhart, Tomas Hertl, Carter Verhaeghe
Goalie
Jack Campbell, Alexandar Georgiev
Custom OT Lines Forwards
Jack Eichel, Dominik Kubalik, Tomas Hertl, Sam Reinhart, Carter Verhaeghe, Jakub Voracek, Kirby Dach, Nick Schmaltz, Cole Caufield, Bryan Little
Custom OT Lines Defensemen
Joel Edmundson, Mattias Ekholm, Brenden Dillon, Mario Ferraro, Olli Maatta
Scratches
Evgeny Svechnikov (Healthy), Jake Virtanen (Healthy), Patrick Marleau (Healthy)

Maple Leafs

5 vs 5 Forward
Line #Left WingCenterRight WingPHYDFOFWanted %Time %Time Play
1Taylor HallNoel AcciariBrendan Gallagher0053535%16:19
2Patrik LaineEric StaalAlexander Radulov0143033%15:14
3Rudolfs BalcersPius SuterMichael Grabner0142019%8:49
4William CarrierMax DomiJake Evans0141513%6:17
5 vs 5 Defense
Line #DefenseDefensePHYDFOFWanted %Time %Time Play
1Jaccob SlavinDougie Hamilton0413534%15:52
2Marcus PetterssonErik Karlsson0233336%16:58
3Jake GardinerGreg Pateryn0502225%11:40
4Jaccob SlavinDougie Hamilton032105%2:09
Power Play Forward
Line #Left WingCenterRight WingPHYDFOFWanted %Time %Time Play
1Max DomiEric StaalBrendan Gallagher0055050%1:59
2Rudolfs BalcersPius SuterAlexander Radulov0055050%1:59
Power Play Defense
Line #DefenseDefensePHYDFOFWanted %Time %Time Play
1Taylor HallJake Gardiner0325063%2:30
2Patrik LaineErik Karlsson0325037%1:28
Penalty Kill 4 Players Forward
Line #CenterWingPHYDFOFWanted %Time %Time Play
1Noel AcciariMichael Grabner0325047%4:27
2Jake EvansWilliam Carrier0415053%4:56
Penalty Kill 4 Players Defense
Line #DefenseDefensePHYDFOFWanted %Time %Time Play
1Marcus PetterssonGreg Pateryn0505060%5:38
2Jaccob SlavinDougie Hamilton0505040%3:45
Penalty Kill 3 Players
Line #WingPHYDFOFWanted %Time %Time PlayDefenseDefensePHYDFOFWanted %Time %Time Play
1Noel Acciari041500%0:00 Marcus PetterssonGreg Pateryn140500%0:00
2Jake Evans041500%0:00 Jaccob SlavinDougie Hamilton140500%0:00
4 vs 4 Forward
Line #CenterWingPHYDFOFWanted %Time %Time Play
1Taylor HallBrendan Gallagher014500%0:00
2Max DomiPatrik Laine014500%0:00
4 vs 4 Defense
Line #DefensePHYDFOFWanted %Time %Time Play
1Jaccob SlavinDougie Hamilton041500%0:00
2Marcus PetterssonErik Karlsson041500%0:00
Last Minutes Offensive
Left WingCenterRight WingDefenseDefense
Taylor HallEric StaalBrendan GallagherErik KarlssonDougie Hamilton
Last Minutes Defensive
Left WingCenterRight WingDefenseDefense
Michael GrabnerNoel AcciariJake EvansJaccob SlavinDougie Hamilton
Time
Total ForwardTotal DefenseLast Minutes OffensiveLast Minutes Defensive
60:00 60:00 0:000:00
Extra Forwards
Normal PowerPlayPenalty Kill
Patrik Laine, Taylor Hall, Brendan GallagherAlexander Radulov, Rudolfs BalcersPatrik Laine
Extra Defensemen
Normal PowerPlayPenalty Kill
Erik Karlsson, Dougie Hamilton, Jaccob SlavinMarcus Pettersson, Jaccob SlavinGreg Pateryn
Penalty Shots
Taylor Hall, Patrik Laine, Max Domi, Alexander Radulov, Brendan Gallagher
Goalie
Juuse Saros, Aaron Dell
Custom OT Lines Forwards
Patrik Laine, Max Domi, Taylor Hall, Brendan Gallagher, Eric Staal, Alexander Radulov, Noel Acciari, Jake Evans, Pius Suter, Rudolfs Balcers
Custom OT Lines Defensemen
Dougie Hamilton, Jaccob Slavin, Erik Karlsson, Greg Pateryn, Marcus Pettersson
Scratches
Brendan Smith (Healthy), Antoine Roussel (Healthy), Ondrej Kase (Healthy)


Play-by-Play

1st period


0:01 of 1st period - Noel Acciari wins face-off versus Tomas Hertl in neutral zone.
0:01 of 1st period - Dougie Hamilton is hit by Sam Reinhart and loses puck.
0:42 of 1st period - Shot by Noel Acciari.
0:42 of 1st period - Stopped by Jack Campbell without a rebound.
0:43 of 1st period - Bryan Little wins face-off versus Eric Staal in Bruins zone.
0:50 of 1st period - Shot by Jakub Voracek.
0:50 of 1st period - Shot Misses the Net.
0:52 of 1st period - Shot by Jack Eichel.
0:52 of 1st period - Stopped by Juuse Saros without a rebound.
0:53 of 1st period - Nick Schmaltz wins face-off versus Pius Suter in Maple Leafs zone.
1:01 of 1st period - Pius Suter is hit by Olli Maatta and loses puck.
1:23 of 1st period - Jake Gardiner is hit by Nick Schmaltz and loses puck.
1:27 of 1st period - Michael Grabner is hit by Olli Maatta.
1:29 of 1st period - Shot by Pius Suter.
1:29 of 1st period - Shot Misses the Net.
2:06 of 1st period - Shot by Patrik Laine.
2:06 of 1st period - Shot Misses the Net.
2:08 of 1st period - Shot by Erik Karlsson.
2:08 of 1st period - Stopped by Jack Campbell without a rebound.
2:09 of 1st period - Max Domi wins face-off versus Derek Stepan in Bruins zone.
2:24 of 1st period - Shot by Jake Evans.
2:24 of 1st period - Shot Blocked by Matthew Nieto.
2:48 of 1st period - Shot by Max Domi.
2:48 of 1st period - Stopped by Jack Campbell with a rebound.
2:50 of 1st period - Shot by Dougie Hamilton.
2:50 of 1st period - Shot Blocked by Derek Stepan.
3:01 of 1st period - Mattias Ekholm is hit by Erik Karlsson.
3:54 of 1st period - Patrik Laine is hit by Jack Eichel and loses puck.
4:03 of 1st period - Shot by Alexander Radulov.
4:03 of 1st period - Deflect By Patrik Laine.
4:03 of 1st period - Stopped by Jack Campbell with a rebound.
4:05 of 1st period - Shot by Eric Staal.
4:05 of 1st period - Shot Misses the Net.
4:10 of 1st period - Icing by Mario Ferraro.
4:11 of 1st period - Pius Suter wins face-off versus Jakub Voracek in Bruins zone.
4:22 of 1st period - Shot by Dougie Hamilton.
4:22 of 1st period - Shot Misses the Net.
4:27 of 1st period - Icing by Mario Ferraro.
4:28 of 1st period - Eric Staal wins face-off versus Jack Eichel in Bruins zone.
4:29 of 1st period - Shot by Patrik Laine.
4:29 of 1st period - Shot Blocked by Mario Ferraro.
4:48 of 1st period - Alexander Radulov is hit by Mario Ferraro and loses puck.
4:55 of 1st period - Shot by Alexander Radulov.
4:55 of 1st period - Stopped by Jack Campbell without a rebound.
4:56 of 1st period - Tomas Hertl wins face-off versus Noel Acciari in Bruins zone.
5:32 of 1st period - Icing by Olli Maatta.
5:33 of 1st period - Eric Staal wins face-off versus Tomas Hertl in Bruins zone.
5:38 of 1st period - Shot by Alexander Radulov.
5:38 of 1st period - Shot Hit the Post.
6:04 of 1st period - Icing by Mattias Ekholm.
6:05 of 1st period - Pius Suter wins face-off versus Nick Schmaltz in Bruins zone.
6:13 of 1st period - Pius Suter is hit by Joel Edmundson and loses puck.
6:22 of 1st period - Shot by Dougie Hamilton.
6:22 of 1st period - Shot Misses the Net.
6:24 of 1st period - Shot by Rudolfs Balcers.
6:24 of 1st period - Stopped by Jack Campbell without a rebound.
6:25 of 1st period - Jack Eichel wins face-off versus Max Domi in Bruins zone.
6:52 of 1st period - Shot by Jakub Voracek.
6:52 of 1st period - Shot Blocked by Jake Gardiner.
6:54 of 1st period - Shot by Mario Ferraro.
6:54 of 1st period - Stopped by Juuse Saros without a rebound.
6:55 of 1st period - Noel Acciari wins face-off versus Tomas Hertl in Maple Leafs zone.
7:02 of 1st period - Sam Reinhart is hit by Noel Acciari and loses puck.
7:34 of 1st period - Shot by Sam Reinhart.
7:34 of 1st period - Shot Blocked by Dougie Hamilton.
7:59 of 1st period - Off-side.
8:00 of 1st period - Alexander Radulov wins face-off versus Jack Eichel in neutral zone.
8:00 of 1st period - Erik Karlsson is hit by Bryan Little and loses puck.
8:20 of 1st period - Shot by Patrik Laine.
8:20 of 1st period - Stopped by Jack Campbell without a rebound.
8:21 of 1st period - Pius Suter wins face-off versus Nick Schmaltz in Bruins zone.
8:21 of 1st period - Pius Suter is hit by Brenden Dillon.
8:35 of 1st period - Shot by Rudolfs Balcers.
8:35 of 1st period - Goal by Rudolfs Balcers - Bruins : 0 - Maple Leafs : 1.
8:36 of 1st period - Eric Staal wins face-off versus Tomas Hertl in neutral zone.
8:47 of 1st period - Shot by Alexander Radulov.
8:47 of 1st period - Deflect By Patrik Laine.
8:47 of 1st period - Stopped by Jack Campbell without a rebound.
8:48 of 1st period - Pius Suter wins face-off versus Derek Stepan in Bruins zone.
8:59 of 1st period - Shot by Pius Suter.
8:59 of 1st period - Shot Misses the Net.
9:01 of 1st period - Shot by Michael Grabner.
9:01 of 1st period - Shot Misses the Net.
9:03 of 1st period - Shot by Dougie Hamilton.
9:03 of 1st period - Stopped by Jack Campbell without a rebound.
9:04 of 1st period - Jack Eichel wins face-off versus Max Domi in Bruins zone.
9:20 of 1st period - Shot by Jack Eichel.
9:20 of 1st period - Shot Misses the Net.
9:43 of 1st period - Minor Penalty to Bryan Little for Hooking.
9:44 of 1st period - Tomas Hertl wins face-off versus Pius Suter in Bruins zone.
9:44 of 1st period - Tomas Hertl is hit by Rudolfs Balcers.
9:58 of 1st period - Shot by Taylor Hall.
9:58 of 1st period - Stopped by Jack Campbell without a rebound.
9:59 of 1st period - Eric Staal wins face-off versus Tomas Hertl in Bruins zone.
10:00 of 1st period - Shot by Patrik Laine.
10:00 of 1st period - Shot Misses the Net.
11:00 of 1st period - Tomas Hertl is hit by Pius Suter.
11:54 of 1st period - Shot by Jack Eichel.
11:54 of 1st period - Stopped by Juuse Saros with a rebound.
11:58 of 1st period - Shot by Jack Eichel.
11:58 of 1st period - Stopped by Juuse Saros without a rebound.
11:59 of 1st period - Nick Schmaltz wins face-off versus Brendan Gallagher in Maple Leafs zone.
12:48 of 1st period - Icing by Erik Karlsson.
12:49 of 1st period - Noel Acciari wins face-off versus Tomas Hertl in Maple Leafs zone.
12:49 of 1st period - Noel Acciari is hit by Tomas Hertl.
13:04 of 1st period - Off-side.
13:05 of 1st period - Derek Stepan wins face-off versus Eric Staal in neutral zone.
13:07 of 1st period - Haydn Fleury is hit by Dougie Hamilton.
13:26 of 1st period - Patrik Laine is hit by Haydn Fleury.
13:30 of 1st period - Shot by Alexander Radulov.
13:30 of 1st period - Stopped by Jack Campbell without a rebound.
13:31 of 1st period - Tomas Hertl wins face-off versus Pius Suter in Bruins zone.
13:31 of 1st period - Sam Reinhart is hit by Rudolfs Balcers and loses puck.
13:50 of 1st period - Shot by Tomas Hertl.
13:50 of 1st period - Deflect By Sam Reinhart.
13:50 of 1st period - Stopped by Juuse Saros with a rebound.
13:52 of 1st period - Shot by Carter Verhaeghe.
13:52 of 1st period - Shot Misses the Net.
13:56 of 1st period - Shot by Tomas Hertl.
13:56 of 1st period - Stopped by Juuse Saros without a rebound.
13:57 of 1st period - Eric Staal wins face-off versus Jack Eichel in Maple Leafs zone.
14:34 of 1st period - Shot by Alexander Radulov.
14:34 of 1st period - Shot Misses the Net.
15:27 of 1st period - Sam Reinhart is hit by Pius Suter and loses puck.
16:26 of 1st period - Shot by Taylor Hall.
16:26 of 1st period - Stopped by Jack Campbell with a rebound.
16:36 of 1st period - Shot by Noel Acciari.
16:36 of 1st period - Shot Blocked by Haydn Fleury.
16:40 of 1st period - Shot by Taylor Hall.
16:40 of 1st period - Stopped by Jack Campbell without a rebound.
16:41 of 1st period - Eric Staal wins face-off versus Matthew Nieto in Bruins zone.
17:23 of 1st period - Icing by Joel Edmundson.
17:24 of 1st period - Noel Acciari wins face-off versus Derek Stepan in Bruins zone.
17:46 of 1st period - Jake Gardiner is hit by Mario Ferraro and loses puck.
17:57 of 1st period - Icing by Jake Gardiner.
17:58 of 1st period - Noel Acciari wins face-off versus Nick Schmaltz in Maple Leafs zone.
18:15 of 1st period - Shot by Taylor Hall.
18:15 of 1st period - Shot Misses the Net.
18:29 of 1st period - Shot by Nick Schmaltz.
18:29 of 1st period - Stopped by Juuse Saros without a rebound.
18:30 of 1st period - Eric Staal wins face-off versus Tomas Hertl in Maple Leafs zone.
18:30 of 1st period - Eric Staal is hit by Brenden Dillon.
18:47 of 1st period - Shot by Alexander Radulov.
18:47 of 1st period - Deflect By Patrik Laine.
18:47 of 1st period - Stopped by Jack Campbell without a rebound.
18:48 of 1st period - Jack Eichel wins face-off versus Max Domi in Bruins zone.
19:03 of 1st period - Shot by Jack Eichel.
19:03 of 1st period - Stopped by Juuse Saros without a rebound.
19:04 of 1st period - Tomas Hertl wins face-off versus Eric Staal in Maple Leafs zone.
19:30 of 1st period - Alexander Radulov is hit by Brenden Dillon and loses puck.
Goals for this period are 0 for Bruins vs 1 for Maple Leafs.
Shots for this period are 8 for Bruins vs 15 for Maple Leafs.

2nd period


0:01 of 2nd period - Noel Acciari wins face-off versus Jack Eichel in neutral zone.
0:12 of 2nd period - Shot by Taylor Hall.
0:12 of 2nd period - Goal by Taylor Hall - Bruins : 0 - Maple Leafs : 2.
0:13 of 2nd period - Nick Schmaltz wins face-off versus Max Domi in neutral zone.
0:13 of 2nd period - Kirby Dach is hit by William Carrier and loses puck.
0:19 of 2nd period - Minor Penalty to Marcus Pettersson for Holding.
0:20 of 2nd period - Noel Acciari wins face-off versus Jack Eichel in Maple Leafs zone.
0:20 of 2nd period - Noel Acciari is hit by Tomas Hertl.
0:32 of 2nd period - Shot by Sam Reinhart.
0:32 of 2nd period - Shot Misses the Net.
0:34 of 2nd period - Shot by Sam Reinhart.
0:34 of 2nd period - Deflect By Jack Eichel.
0:34 of 2nd period - Stopped by Juuse Saros without a rebound.
0:35 of 2nd period - Bryan Little wins face-off versus Noel Acciari in Maple Leafs zone.
0:58 of 2nd period - Shot by Joel Edmundson.
0:58 of 2nd period - Stopped by Juuse Saros without a rebound.
0:59 of 2nd period - Jack Eichel wins face-off versus Jake Evans in Maple Leafs zone.
1:36 of 2nd period - Icing by Mattias Ekholm.
1:37 of 2nd period - Jack Eichel wins face-off versus Noel Acciari in Bruins zone.
1:37 of 2nd period - Jack Eichel is hit by Noel Acciari.
1:53 of 2nd period - Shot by Jack Eichel.
1:53 of 2nd period - Shot Misses the Net.
2:07 of 2nd period - Shot by Joel Edmundson.
2:07 of 2nd period - Stopped by Juuse Saros without a rebound.
2:08 of 2nd period - Bryan Little wins face-off versus Jake Evans in Maple Leafs zone.
2:13 of 2nd period - Shot by Bryan Little.
2:13 of 2nd period - Shot Misses the Net.
2:31 of 2nd period - Shot by Patrik Laine.
2:31 of 2nd period - Stopped by Jack Campbell without a rebound.
2:32 of 2nd period - Max Domi wins face-off versus Jack Eichel in Bruins zone.
2:55 of 2nd period - Shot by Jack Eichel.
2:55 of 2nd period - Deflect By Jakub Voracek.
2:55 of 2nd period - Stopped by Juuse Saros without a rebound.
2:56 of 2nd period - Noel Acciari wins face-off versus Tomas Hertl in Maple Leafs zone.
3:07 of 2nd period - Minor Penalty to Brendan Gallagher for Hooking.
3:08 of 2nd period - Jake Evans wins face-off versus Bryan Little in Maple Leafs zone.
4:02 of 2nd period - Shot by Joel Edmundson.
4:02 of 2nd period - Shot Misses the Net.
4:04 of 2nd period - Shot by Jack Eichel.
4:04 of 2nd period - Stopped by Juuse Saros without a rebound.
4:05 of 2nd period - Sam Reinhart wins face-off versus Noel Acciari in Maple Leafs zone.
4:10 of 2nd period - Shot by Tomas Hertl.
4:10 of 2nd period - Shot Misses the Net.
4:12 of 2nd period - Shot by Jack Eichel.
4:12 of 2nd period - Goal by Jack Eichel - Bruins : 1 - Maple Leafs : 2.
4:13 of 2nd period - Derek Stepan wins face-off versus Noel Acciari in neutral zone.
5:28 of 2nd period - Shot by Alexander Radulov.
5:28 of 2nd period - Shot Misses the Net.
5:30 of 2nd period - Shot by Alexander Radulov.
5:30 of 2nd period - Shot Misses the Net.
5:32 of 2nd period - Shot by Patrik Laine.
5:32 of 2nd period - Shot Misses the Net.
5:34 of 2nd period - Shot by Dougie Hamilton.
5:34 of 2nd period - Shot Misses the Net.
6:05 of 2nd period - Michael Grabner is hit by Bryan Little and loses puck.
6:14 of 2nd period - Shot by Rudolfs Balcers.
6:14 of 2nd period - Stopped by Jack Campbell without a rebound.
6:15 of 2nd period - Tomas Hertl wins face-off versus Max Domi in Bruins zone.
6:22 of 2nd period - Shot by Haydn Fleury.
6:22 of 2nd period - Shot Blocked by Jake Evans.
7:00 of 2nd period - Marcus Pettersson is hit by Tomas Hertl and loses puck.
7:27 of 2nd period - Shot by Noel Acciari.
7:27 of 2nd period - Stopped by Jack Campbell without a rebound.
7:28 of 2nd period - Jack Eichel wins face-off versus Pius Suter in Bruins zone.
7:32 of 2nd period - Minor Penalty to Rudolfs Balcers for Roughing.
7:33 of 2nd period - Bryan Little wins face-off versus Noel Acciari in Maple Leafs zone.
8:06 of 2nd period - Greg Pateryn is hit by Brenden Dillon and loses puck.
9:01 of 2nd period - Shot by Michael Grabner.
9:01 of 2nd period - Shot Misses the Net.
9:35 of 2nd period - Icing by Matthew Nieto.
9:36 of 2nd period - Eric Staal wins face-off versus Derek Stepan in Bruins zone.
10:19 of 2nd period - Icing by Olli Maatta.
10:20 of 2nd period - Pius Suter wins face-off versus Derek Stepan in Bruins zone.
10:21 of 2nd period - Shot by Michael Grabner.
10:21 of 2nd period - Stopped by Jack Campbell with a rebound.
11:31 of 2nd period - Shot by Noel Acciari.
11:31 of 2nd period - Shot Misses the Net.
11:50 of 2nd period - Shot by Taylor Hall.
11:50 of 2nd period - Stopped by Jack Campbell without a rebound.
11:51 of 2nd period - Nick Schmaltz wins face-off versus Eric Staal in Bruins zone.
11:51 of 2nd period - Nick Schmaltz is hit by Alexander Radulov.
12:04 of 2nd period - Shot by Dominik Kubalik.
12:04 of 2nd period - Shot Misses the Net.
12:20 of 2nd period - Shot by Kirby Dach.
12:20 of 2nd period - Shot Misses the Net.
12:27 of 2nd period - Nick Schmaltz is hit by Greg Pateryn and loses puck.
12:34 of 2nd period - Shot by Nick Schmaltz.
12:34 of 2nd period - Shot Misses the Net.
12:35 of 2nd period - Minor Penalty to Greg Pateryn for Roughing.
12:36 of 2nd period - Jake Evans wins face-off versus Jakub Voracek in Maple Leafs zone.
12:53 of 2nd period - Shot by Carter Verhaeghe.
12:53 of 2nd period - Shot Misses the Net.
13:20 of 2nd period - Icing by Cole Caufield.
13:21 of 2nd period - Bryan Little wins face-off versus Noel Acciari in Bruins zone.
13:49 of 2nd period - Icing by Kirby Dach.
13:50 of 2nd period - Kirby Dach wins face-off versus Jake Evans in Bruins zone.
13:59 of 2nd period - Shot by Mattias Ekholm.
13:59 of 2nd period - Shot Misses the Net.
14:01 of 2nd period - Shot by Mattias Ekholm.
14:01 of 2nd period - Shot Blocked by Marcus Pettersson.
14:03 of 2nd period - Shot by Tomas Hertl.
14:03 of 2nd period - Shot Misses the Net.
14:05 of 2nd period - Shot by Tomas Hertl.
14:05 of 2nd period - Stopped by Juuse Saros without a rebound.
14:06 of 2nd period - Noel Acciari wins face-off versus Bryan Little in Maple Leafs zone.
14:06 of 2nd period - Jaccob Slavin is hit by Carter Verhaeghe and loses puck.
14:19 of 2nd period - Shot by Bryan Little.
14:19 of 2nd period - Stopped by Juuse Saros without a rebound.
14:20 of 2nd period - Jack Eichel wins face-off versus William Carrier in Maple Leafs zone.
14:27 of 2nd period - Shot by Jack Eichel.
14:27 of 2nd period - Stopped by Juuse Saros without a rebound.
14:28 of 2nd period - Jake Evans wins face-off versus Jack Eichel in Maple Leafs zone.
14:41 of 2nd period - Shot by Tomas Hertl.
14:41 of 2nd period - Shot Blocked by Jake Gardiner.
14:43 of 2nd period - Shot by Sam Reinhart.
14:43 of 2nd period - Stopped by Juuse Saros without a rebound.
14:44 of 2nd period - Jack Eichel wins face-off versus Noel Acciari in Maple Leafs zone.
14:44 of 2nd period - Jack Eichel is hit by Jake Gardiner.
14:47 of 2nd period - Minor Penalty to Greg Pateryn for Tripping.
14:48 of 2nd period - Jack Eichel wins face-off versus Jake Evans in Maple Leafs zone.
14:53 of 2nd period - Shot by Jack Eichel.
14:53 of 2nd period - Shot Blocked by Dougie Hamilton.
14:55 of 2nd period - Shot by Tomas Hertl.
14:55 of 2nd period - Stopped by Juuse Saros without a rebound.
14:56 of 2nd period - Jake Evans wins face-off versus Jack Eichel in Maple Leafs zone.
15:21 of 2nd period - Off-side.
15:22 of 2nd period - Bryan Little wins face-off versus Jake Evans in neutral zone.
15:35 of 2nd period - Shot by Carter Verhaeghe.
15:35 of 2nd period - Stopped by Juuse Saros without a rebound.
15:36 of 2nd period - Jack Eichel wins face-off versus Noel Acciari in Maple Leafs zone.
15:36 of 2nd period - Jack Eichel is hit by Marcus Pettersson.
15:40 of 2nd period - Shot by Tomas Hertl.
15:40 of 2nd period - Shot Blocked by Jaccob Slavin.
16:09 of 2nd period - Shot by Sam Reinhart.
16:09 of 2nd period - Shot Blocked by Marcus Pettersson.
16:27 of 2nd period - Shot by Jake Evans.
16:27 of 2nd period - Shot Hit the Post.
16:29 of 2nd period - Shot by Dougie Hamilton.
16:29 of 2nd period - Shot Blocked by Mattias Ekholm.
16:57 of 2nd period - Shot by Cole Caufield.
16:57 of 2nd period - Stopped by Juuse Saros with a rebound.
17:25 of 2nd period - Shot by Alexander Radulov.
17:25 of 2nd period - Stopped by Jack Campbell without a rebound.
17:26 of 2nd period - Jack Eichel wins face-off versus Noel Acciari in Bruins zone.
17:26 of 2nd period - Jack Eichel is hit by Brendan Gallagher.
17:29 of 2nd period - Icing by Haydn Fleury.
17:30 of 2nd period - Jack Eichel wins face-off versus Noel Acciari in Bruins zone.
17:39 of 2nd period - Shot by Jack Eichel.
17:39 of 2nd period - Stopped by Juuse Saros with a rebound.
17:51 of 2nd period - Shot by Noel Acciari.
17:51 of 2nd period - Shot Blocked by Olli Maatta.
17:53 of 2nd period - Shot by Jaccob Slavin.
17:53 of 2nd period - Goal by Jaccob Slavin - Bruins : 1 - Maple Leafs : 3.
17:54 of 2nd period - Pius Suter wins face-off versus Derek Stepan in neutral zone.
17:58 of 2nd period - Icing by Mario Ferraro.
17:59 of 2nd period - Rudolfs Balcers wins face-off versus Derek Stepan in Bruins zone.
18:24 of 2nd period - Marcus Pettersson is hit by Derek Stepan and loses puck.
18:36 of 2nd period - Icing by Michael Grabner.
18:37 of 2nd period - Tomas Hertl wins face-off versus Rudolfs Balcers in Maple Leafs zone.
19:05 of 2nd period - Icing by Marcus Pettersson.
19:06 of 2nd period - Jack Eichel wins face-off versus Pius Suter in Maple Leafs zone.
19:08 of 2nd period - Bryan Little is hit by Marcus Pettersson and loses puck.
19:35 of 2nd period - Shot by Jack Eichel.
19:35 of 2nd period - Stopped by Juuse Saros without a rebound.
19:36 of 2nd period - Alexander Radulov wins face-off versus Tomas Hertl in Maple Leafs zone.
19:36 of 2nd period - Patrik Laine is hit by Tomas Hertl and loses puck.
Goals for this period are 1 for Bruins vs 2 for Maple Leafs.
Shots for this period are 15 for Bruins vs 8 for Maple Leafs.

3rd period


0:01 of 3rd period - Jack Eichel wins face-off versus Brendan Gallagher in neutral zone.
0:27 of 3rd period - Shot by Brendan Gallagher.
0:27 of 3rd period - Stopped by Jack Campbell without a rebound.
0:28 of 3rd period - Nick Schmaltz wins face-off versus Eric Staal in Bruins zone.
2:19 of 3rd period - Icing by Dougie Hamilton.
2:20 of 3rd period - Jack Eichel wins face-off versus Noel Acciari in Maple Leafs zone.
2:26 of 3rd period - Icing by Dougie Hamilton.
2:27 of 3rd period - Jack Eichel wins face-off versus Noel Acciari in Maple Leafs zone.
2:30 of 3rd period - Shot by Jack Eichel.
2:30 of 3rd period - Deflect By Bryan Little.
2:30 of 3rd period - Stopped by Juuse Saros without a rebound.
2:31 of 3rd period - Jack Eichel wins face-off versus Max Domi in Maple Leafs zone.
2:52 of 3rd period - Mario Ferraro is hit by William Carrier and loses puck.
3:37 of 3rd period - Icing by Jakub Voracek.
3:38 of 3rd period - Jack Eichel wins face-off versus Noel Acciari in Bruins zone.
3:38 of 3rd period - Jack Eichel is hit by Noel Acciari.
4:08 of 3rd period - Brendan Gallagher is hit by Bryan Little and loses puck.
4:21 of 3rd period - Shot by Noel Acciari.
4:21 of 3rd period - Shot Misses the Net.
5:04 of 3rd period - Off-side.
5:05 of 3rd period - Tomas Hertl wins face-off versus Patrik Laine in neutral zone.
5:23 of 3rd period - Shot by Sam Reinhart.
5:23 of 3rd period - Stopped by Juuse Saros with a rebound.
5:25 of 3rd period - Shot by Tomas Hertl.
5:25 of 3rd period - Stopped by Juuse Saros without a rebound.
5:26 of 3rd period - Max Domi wins face-off versus Nick Schmaltz in Maple Leafs zone.
6:33 of 3rd period - Shot by Taylor Hall.
6:33 of 3rd period - Stopped by Jack Campbell without a rebound.
6:34 of 3rd period - Tomas Hertl wins face-off versus Eric Staal in Bruins zone.
6:34 of 3rd period - Tomas Hertl is hit by Patrik Laine.
6:37 of 3rd period - Olli Maatta is hit by Patrik Laine and loses puck.
7:38 of 3rd period - Taylor Hall is hit by Olli Maatta and loses puck.
8:01 of 3rd period - Shot by Brendan Gallagher.
8:01 of 3rd period - Shot Misses the Net.
8:03 of 3rd period - Shot by Noel Acciari.
8:03 of 3rd period - Goal by Noel Acciari - Bruins : 1 - Maple Leafs : 4.
8:03 of 3rd period - Alexandar Georgiev enters game.
8:04 of 3rd period - Jack Eichel wins face-off versus Michael Grabner in neutral zone.
8:11 of 3rd period - Jaccob Slavin is hit by Brenden Dillon and loses puck.
8:17 of 3rd period - Shot by Pius Suter.
8:17 of 3rd period - Stopped by Alexandar Georgiev without a rebound.
8:18 of 3rd period - Nick Schmaltz wins face-off versus Max Domi in Bruins zone.
8:53 of 3rd period - Shot by Nick Schmaltz.
8:53 of 3rd period - Stopped by Juuse Saros without a rebound.
8:54 of 3rd period - Jack Eichel wins face-off versus Noel Acciari in Maple Leafs zone.
8:54 of 3rd period - Jack Eichel is hit by Marcus Pettersson.
9:14 of 3rd period - Shot by Brendan Gallagher.
9:14 of 3rd period - Shot Misses the Net.
9:16 of 3rd period - Shot by Taylor Hall.
9:16 of 3rd period - Stopped by Alexandar Georgiev with a rebound.
9:18 of 3rd period - Shot by Taylor Hall.
9:18 of 3rd period - Stopped by Alexandar Georgiev without a rebound.
9:19 of 3rd period - Eric Staal wins face-off versus Matthew Nieto in Bruins zone.
10:07 of 3rd period - Icing by Cole Caufield.
10:08 of 3rd period - Derek Stepan wins face-off versus Noel Acciari in Bruins zone.
10:25 of 3rd period - Mario Ferraro is hit by Taylor Hall and loses puck.
10:40 of 3rd period - Shot by Bryan Little.
10:40 of 3rd period - Shot Misses the Net.
10:42 of 3rd period - Shot by Jack Eichel.
10:42 of 3rd period - Stopped by Juuse Saros without a rebound.
10:43 of 3rd period - Pius Suter wins face-off versus Tomas Hertl in Maple Leafs zone.
10:45 of 3rd period - Rudolfs Balcers is hit by Tomas Hertl and loses puck.
10:50 of 3rd period - Shot by Sam Reinhart.
10:50 of 3rd period - Stopped by Juuse Saros without a rebound.
10:51 of 3rd period - Pius Suter wins face-off versus Tomas Hertl in Maple Leafs zone.
11:01 of 3rd period - Off-side.
11:02 of 3rd period - Noel Acciari wins face-off versus Jack Eichel in neutral zone.
11:05 of 3rd period - Shot by Jaccob Slavin.
11:05 of 3rd period - Stopped by Alexandar Georgiev without a rebound.
11:06 of 3rd period - Noel Acciari wins face-off versus Jack Eichel in Bruins zone.
11:12 of 3rd period - Icing by Jakub Voracek.
11:13 of 3rd period - Noel Acciari wins face-off versus Jack Eichel in Bruins zone.
11:25 of 3rd period - Minor Penalty to Mattias Ekholm for Slashing.
11:26 of 3rd period - Pius Suter wins face-off versus Matthew Nieto in Bruins zone.
11:37 of 3rd period - Shot by Pius Suter.
11:37 of 3rd period - Stopped by Alexandar Georgiev without a rebound.
11:38 of 3rd period - Tomas Hertl wins face-off versus Eric Staal in Bruins zone.
11:53 of 3rd period - Shot by Brendan Gallagher.
11:53 of 3rd period - Shot Misses the Net.
11:55 of 3rd period - Shot by Taylor Hall.
11:55 of 3rd period - Shot Misses the Net.
11:57 of 3rd period - Shot by Brendan Gallagher.
11:57 of 3rd period - Stopped by Alexandar Georgiev without a rebound.
11:58 of 3rd period - Pius Suter wins face-off versus Tomas Hertl in Bruins zone.
12:08 of 3rd period - Icing by Rudolfs Balcers.
12:09 of 3rd period - Pius Suter wins face-off versus Tomas Hertl in Maple Leafs zone.
12:14 of 3rd period - Shot by Patrik Laine.
12:14 of 3rd period - Stopped by Alexandar Georgiev with a rebound.
12:16 of 3rd period - Shot by Pius Suter.
12:16 of 3rd period - Shot Misses the Net.
12:18 of 3rd period - Shot by Pius Suter.
12:18 of 3rd period - Deflect By Alexander Radulov.
12:18 of 3rd period - Stopped by Alexandar Georgiev without a rebound.
12:19 of 3rd period - Brendan Gallagher wins face-off versus Matthew Nieto in Bruins zone.
12:22 of 3rd period - Shot by Max Domi.
12:22 of 3rd period - Shot Misses the Net.
13:08 of 3rd period - Kirby Dach is hit by Max Domi and loses puck.
13:19 of 3rd period - Shot by Erik Karlsson.
13:19 of 3rd period - Shot Misses the Net.
13:21 of 3rd period - Shot by Pius Suter.
13:21 of 3rd period - Deflect By Alexander Radulov.
13:21 of 3rd period - Stopped by Alexandar Georgiev without a rebound.
13:22 of 3rd period - Tomas Hertl wins face-off versus Alexander Radulov in Bruins zone.
14:00 of 3rd period - Jack Eichel is hit by Rudolfs Balcers and loses puck.
14:05 of 3rd period - Olli Maatta is hit by Pius Suter and loses puck.
14:48 of 3rd period - Shot by Eric Staal.
14:48 of 3rd period - Shot Blocked by Kirby Dach.
14:51 of 3rd period - Icing by Mattias Ekholm.
14:52 of 3rd period - Nick Schmaltz wins face-off versus Noel Acciari in Bruins zone.
14:56 of 3rd period - Mattias Ekholm is hit by Noel Acciari and loses puck.
15:26 of 3rd period - Minor Penalty to Brendan Gallagher for Holding.
15:27 of 3rd period - Jake Evans wins face-off versus Jack Eichel in Maple Leafs zone.
15:42 of 3rd period - Shot by Jack Eichel.
15:42 of 3rd period - Stopped by Juuse Saros without a rebound.
15:43 of 3rd period - Bryan Little wins face-off versus Noel Acciari in Maple Leafs zone.
15:44 of 3rd period - Shot by Mattias Ekholm.
15:44 of 3rd period - Shot Blocked by Jaccob Slavin.
15:46 of 3rd period - Shot by Dominik Kubalik.
15:46 of 3rd period - Shot Blocked by Dougie Hamilton.
15:48 of 3rd period - Shot by Mattias Ekholm.
15:48 of 3rd period - Goal by Mattias Ekholm - Bruins : 2 - Maple Leafs : 4.
15:49 of 3rd period - Tomas Hertl wins face-off versus Eric Staal in neutral zone.
15:52 of 3rd period - Marcus Pettersson is hit by Carter Verhaeghe and loses puck.
17:33 of 3rd period - Off-side.
17:34 of 3rd period - Pius Suter wins face-off versus Nick Schmaltz in neutral zone.
17:34 of 3rd period - Pius Suter is hit by Dominik Kubalik.
17:56 of 3rd period - Shot by Kirby Dach.
17:56 of 3rd period - Stopped by Juuse Saros without a rebound.
17:57 of 3rd period - Derek Stepan wins face-off versus Alexander Radulov in Maple Leafs zone.
18:12 of 3rd period - Derek Stepan is hit by Patrik Laine and loses puck.
18:42 of 3rd period - Icing by Marcus Pettersson.
18:43 of 3rd period - Eric Staal wins face-off versus Nick Schmaltz in Maple Leafs zone.
18:45 of 3rd period - Marcus Pettersson is hit by Dominik Kubalik and loses puck.
18:52 of 3rd period - Shot by Dominik Kubalik.
18:52 of 3rd period - Shot Misses the Net.
18:54 of 3rd period - Shot by Kirby Dach.
18:54 of 3rd period - Stopped by Juuse Saros without a rebound.
18:55 of 3rd period - Jack Eichel wins face-off versus Brendan Gallagher in Maple Leafs zone.
19:54 of 3rd period - Off-side.
19:55 of 3rd period - Nick Schmaltz wins face-off versus Max Domi in neutral zone.
Goals for this period are 1 for Bruins vs 1 for Maple Leafs.
Shots for this period are 10 for Bruins vs 12 for Maple Leafs.